 Dungeon Crawl Stone Soup version 0.28.0-43-g3370ac3207 (webtiles) character file.

Game seed: 12745669256437558173

175 Murumi the Skirmisher (level 5, -8/57 HPs)
             Began as an Ogre Gladiator on Mar 26, 2022.
             Was a Believer of Lugonu.
             Mangled by an ice beast (10 damage)
             ... on level 5 of the Dungeon.
             The game lasted 00:09:51 (3892 turns).

Murumi the Skirmisher (Ogre Gladiator)              Turns: 3892, Time: 00:09:52

Health: -8/57      AC:  4    Str: 20    XL:     5   Next: 55%
Magic:  3/6        EV: 10    Int:  9    God:    Lugonu [**....]
Gold:   83         SH:  0    Dex: 10    Spells: 4/4 levels left

rFire   . . .      SeeInvis +   f - +0 whip
rCold   . . .      Faith    .   (no shield)
rNeg    . . .      Spirit   .   b - +0 robe
rPois   .          Reflect  .   c - +1 hat
rElec   .          Harm     .   (no cloak)
rCorr   .          Rampage  .   (gloves unavailable)
Will    .....                   (boots unavailable)
Stlth   +.........              (no amulet)
HPRegen 0.19/turn               j - ring of see invisible
MPRegen 0.10/turn               (no ring)

@: no status effects
A: large, unfitting armour, tough skin 1
a: Renounce Religion, Depart the Abyss, Bend Space


You were on level 5 of the Dungeon.
You worshipped Lugonu.
Lugonu was pleased with you.
You visited 1 branch of the dungeon, and saw 5 of its levels.

You collected 83 gold pieces.

Inventory:

Hand Weapons
 a - a +0 flail
 f - a +0 whip (weapon)
Missiles
 d - a throwing net (quivered)
 e - 117 stones
 g - a curare-tipped dart
Armour
 b - a +0 robe (worn)
 c - a +1 hat (worn)
Jewellery
 j - a ring of see invisible (left hand)
Potions
 h - 2 potions of brilliance
 i - a potion of berserk rage {unknown}
 k - a potion of cancellation {unknown}


   Skills:
 - Level 5.0 Fighting
 - Level 3.0 Maces & Flails
 - Level 3.0 Throwing
 - Level 1.0 Armour
 - Level 3.0 Dodging
 - Level 1.0 Stealth
 + Level 1.6 Invocations


You had 4 spell levels left.
You didn't know any spells.
Your spell library contained the following spells:

 Spells                   Type           Power      Damage    Failure   Level
 Summon Small Mammal      Summ           0%         N/A       38%         1
 Ensorcelled Hibernation  Hex/Ice        0%         N/A       52%         2
 Passwall                 Tmut/Erth      0%         N/A       52%         2
 Static Discharge         Conj/Air       0%         N/A       52%         2
 Call Canine Familiar     Summ           0%         N/A       77%         3
 Summon Guardian Golem    Hex/Summ       0%         N/A       77%         3
 Swiftness                Air            0%         N/A       77%         3
 Lightning Bolt           Conj/Air       0%         1d11      100%        5
 Maxwell's Capacitive Co  Air            0%         ∞         100%        8


Dungeon Overview and Level Annotations

Branches:
Dungeon (4/15)
 Temple: D:4-7

Altars:
Ru
Lugonu

Shops:
D:1 ?


Innate Abilities, Weirdness & Mutations

You are too large for most types of armour.
You have tough skin. (AC +1)


Message History

The ice beast misses you.
You completely miss the ice beast.
The ice beast is severely wounded.
The ice beast hits you but does no damage.
You barely miss the ice beast.
The ice beast is severely wounded.
The ice beast barely misses you.
You hit the ice beast but do no damage.
The ice beast is severely wounded.
The ice beast hits you. The ice beast freezes you!
* * * LOW HITPOINT WARNING * * *
Space bends around you!
You blink.
Found 4 gold pieces.
Space bends around you!
You blink.
Space bends around you!
You blink.
Throw: 119 stones
Press: ? - help, Q - select action, (/) - cycle Shift-Dir - straight line, f - ice beast
Aim: an ice beast (severely wounded, 59% to hit)
You throw a stone.
The stone hits the ice beast but does no damage.
The ice beast is severely wounded.
Throw: 118 stones
Press: ? - help, Q - select action, (/) - cycle Shift-Dir - straight line, f/p - ice beast
Aim: an ice beast (severely wounded, 59% to hit)
You throw a stone.
The stone hits the ice beast but does no damage.
The ice beast is severely wounded.
Throw: 3 throwing nets
Press: ? - help, Q - select action, (/) - cycle Shift-Dir - straight line, f/p - ice beast
Aim: an ice beast (severely wounded, 59% to hit)
You throw a throwing net.
The throwing net barely misses the ice beast.
Throw: 2 throwing nets
Press: ? - help, Q - select action, (/) - cycle Shift-Dir - straight line, f/p - ice beast
Aim: an ice beast (severely wounded, 59% to hit)
You throw a throwing net.
The throwing net closely misses the ice beast.
The ice beast hits you.
* * * LOW HITPOINT WARNING * * *
The ice beast freezes you!
You die...

# # # #+#+### #
.......## ###
.......<# #..
........## ##..
.........## #.#.
.......@Y.#### ####
###.
.........(...###.. #
#. ..........(...##.#
.# #.
..............##.##(#
#.
......#######.......#
#. ....$.
#####.#####. ......
#......... #+####
##########


You could see an ice beast.

Vanquished Creatures
  A kobold brigand (D:5)
  5 adders
  A worm (D:2)
  A dart slug (D:2)
  An orc (D:3)
  An endoplasm (D:3)
  5 goblins
  3 hobgoblins
  13 kobolds
  5 quokkas
  10 ball pythons
  6 bats
  2 frilled lizards (D:1)
  6 rats
60 creatures vanquished.

Notes
Turn   | Place    | Note
-------+----------+-------------------------------------------
     0 | D:1      | Murumi the Ogre Gladiator began the quest for the Orb.
     0 | D:1      | Reached XP level 1. HP: 22/22 MP: 1/1
    41 | D:1      | Reached skill level 3 in Fighting
    46 | D:1      | Reached XP level 2. HP: 30/31 MP: 2/2
   587 | D:1      | Found a faded altar of an unknown god.
   594 | D:1      | Prayed at the altar of an unknown god.
   594 | D:1      | Became a worshipper of Lugonu the Unformed
   594 | D:1      | Reached * piety under Lugonu
   594 | D:1      | Reached ** piety under Lugonu
   691 | D:1      | Found Onlacury's Magic Scroll Emporium.
   798 | D:1      | Reached XP level 3. HP: 38/39 MP: 3/3
  1028 | D:2      | Reached skill level 4 in Fighting
  1076 | D:2      | Reached skill level 1 in Invocations
  1526 | D:2      | Reached skill level 1 in Armour
  1553 | D:2      | Reached XP level 4. HP: 31/48 MP: 4/4
  2046 | D:3      | Reached skill level 1 in Stealth
  2321 | D:3      | Found a sacrificial altar of Ru.
  3470 | D:4      | Noticed a steam dragon
  3544 | D:4      | You fall into a shaft and drop 1 floor!
  3544 | D:5      | Entered Level 5 of the Dungeon
  3544 | D:5      | Noticed a kobold brigand
  3579 | D:5      | Killed a kobold brigand
  3580 | D:5      | Reached skill level 5 in Fighting
  3580 | D:5      | Reached XP level 5. HP: 36/57 MP: 5/5
  3871 | D:5      | Noticed an ice beast
  3892 | D:5      | HP: 2/57 [ice beast (4)]
  3892 | D:5      | Mangled by an ice beast

Illustrated notes

Levels and vault maps discovered:
D:1:      lightli_arrival_statue_moat, layout_loops_ring,
          dreamdust_ecumenical_altar_hidden_monk_grotto, serial_shops, shop
D:2:      layout_basic, minmay_fountain_box, amethyst_killhole
D:3:      layout_basic, hangedman_ru_absence
D:4:      layout_layer_cave, minmay_temple_entry_sparse_star, uniq_menkaure,
          uniq_eustachio
D:5:      layout_basic, nzn_random_ring

Skill      XL: |  1  2  3  4 |
---------------+-------------+-----
Fighting       | 3 4 5 |  5.0
Maces & Flails | 3 |  3.0
Dodging        | 3 |  3.0
Invocations    | 1 |  1.6
Armour         | 1 |  1.0
Stealth        | 1 |  1.0
Throwing       | 3 |  3.0

Action                   |  1- 3 |  4- 6 || total
-------------------------+-------+-------++-------
Melee: Flail             |    11 |       ||    11
       Whip              |   119 |    96 ||   215
       Punch             |     2 |       ||     2
Throw: Stone             |    52 |    20 ||    72
       Throwing net      |       |     2 ||     2
Invok: Bend Space        |       |     3 ||     3
  Use: Scroll            |     4 |     4 ||     8
       Potion            |       |     2 ||     2
 Stab: Sleeping          |     2 |     1 ||     3
       Distracted        |       |     1 ||     1
Armor: Robe              |    53 |    16 ||    69
       Skin              |       |    13 ||    13
Dodge: Dodged            |    51 |    30 ||    81
